 Dungeon Crawl Stone Soup version 0.31.0-11-ge490571c62 (webtiles) character file.

Game seed: 3049328028204482658

3952 qw the Nimble (level 10, -2/49 HPs)
             Began as a Spriggan Hunter on Feb 4, 2024.
             Was an Initiate of Okawaru.
             Slain by Grum
             ... wielding a +0 spear
              (13 damage)
             ... on level 8 of the Dungeon.
             The game lasted 00:00:28 (5815 turns).

qw the Nimble (Spriggan Hunter)                     Turns: 5815, Time: 00:00:29

Health: -2/49      AC:  7    Str:  5    XL:     10   Next: 2%
Magic:  11/11      EV: 20    Int: 11    God:    Okawaru [......]
Gold:   275        SH:  5    Dex: 23    Spells: 9/9 levels left

rFire   . . .        e - +0 hand cannon (drain)
rCold   . . .        (no shield)
rNeg    . . .        k - +0 swamp dragon scales
rPois   +            (helmet restricted)
rElec   .            (no cloak)
rCorr   .            (gloves unavailable)
SInv    +            (boots unavailable)
Will    +....        g - amulet of reflection
Stlth   ++           (no ring)
HPRegen 0.28/turn    (no ring)
MPRegen 0.12/turn

%: reflection
@: about to teleport, hasted, very quick
A: very small, no large weapons, unfitting armour, see invisible, speed 3, weak
1
a: Renounce Religion


You were on level 8 of the Dungeon.
You worshipped Okawaru.
Okawaru was noncommittal.
You visited 2 branches of the dungeon, and saw 9 of its levels.

You collected 375 gold pieces.
You spent 100 gold pieces at shops.


Innate Abilities, Weirdness & Mutations

You are very small and have problems with some larger weapons.
You are too small for most types of armour.
You have supernaturally acute eyesight. (SInv)
You cover ground extremely quickly. (Speed+++)
You are weak. (Str -2)


   Skills:
 - Level 4.0 Fighting
 + Level 11.1 Ranged Weapons
 - Level 1.1 Armour
 - Level 11.7 Dodging
 - Level 1.5 Stealth


You had 9 spell levels left.
You didn't know any spells.
Your spell library was empty.

Inventory:

Hand Weapons
 e - a +0 hand cannon of draining (weapon)
Armour
 k - +0 swamp dragon scales (worn)
Jewellery
 c - a ring of resist corrosion
 g - an amulet of reflection (around neck)
 l - a ring of ice
Wands
 a - a wand of digging (4)
Scrolls
 f - a scroll of teleportation
Potions
 d - 8 potions of curing
 h - a potion of haste
 i - a potion of mutation
 j - 2 potions of cancellation

Dungeon Overview and Level Annotations

Branches:
Dungeon (8/15)             Temple (1/1) D:4
   Lair: D:8-11

Altars:
Ashenzari
Cheibriados
Dithmenos
Elyvilon
Fedhas
Hepliaklqana
Makhleb
Okawaru
Qazlal
Ru
Sif Muna
Trog
Uskayaw
Vehumet
Xom
Yredelemnul
Zin
The Shining One

Shops:
D:3 ?

Annotations:
D:5 1 runed translucent door, qw's ghost, novice DjHu
D:8 Grum


Message History

You shoot a bolt. The bolt hits the black bear!
You kill the black bear!
Okawaru accepts your kill.
You hear a bellow!
Grum looks in disgust and snarls, "You ain't no friend of mine."
Grum hits you from afar with a +0 spear.
The yak gores you. The yak closely misses you. Grum completely misses you.
You have reached level 10!
You feel agile.
You shoot a bolt. The bolt hits the yak.
The yak is lightly wounded.
A yak comes into view. x2
Grum misses you. The yak closely misses you.
You shoot a bolt. The bolt hits the yak!
The yak is heavily wounded.
You hear a bellow! x2
Grum hits you from afar with a +0 spear!!
A yak comes into view.
Grum closely misses you.
5810 ||| DRINKING 2 potions of haste.
You feel yourself speed up. Grum completely misses you.
You block the yak's attack.
You shoot a bolt. The bolt hits the yak.
You drain the yak.
The yak is lightly wounded.
The yak misses you.
Grum hits you from afar with a +0 spear!!
You hear a bellow!
5812 ||| READING 2 scrolls of teleportation.
As you read the scroll of teleportation, it crumbles to dust.
You feel strangely unstable.
5813 ||| DRINKING potion of heal wounds.
You feel much better. The yak gores you! Grum completely misses you.
You shoot a bolt. The bolt hits the yak!
You drain the yak.
The yak is moderately wounded.
The yak completely misses you.
Grum hits you from afar with a +0 spear!
You shoot a bolt. The bolt hits the yak.
The yak is heavily wounded.
The yak barely misses you.
Grum hits you from afar with a +0 spear!
You die...

##.# . #... ..
#..# ... #..#
..)% #..###
..... #.Y..#
.....g###Y##.#
.......@YY..>#
......###)...#
##### ####..#
#.....#
###.#########
##.....~)~...#
##......~~~.8.#
#..........8_8#
#######
#.......~~~.8.#


You could see Grum and 4 yaks.

Vanquished Creatures
  Pikel (D:8)
  Maggie (D:8)
  A shadow (D:7)
  2 wyverns
  A water moccasin (D:6)
  An ice beast (D:7)
  2 sky beasts
  2 black bears
  2 wolves (D:8)
  3 centaurs
  A lemure (D:8)
  A phantom (D:5)
  A kobold brigand (D:6)
  A scorpion (D:4)
  5 wights (D:8)
  4 killer bees (D:7)
  2 howler monkeys
  4 orc priests
  5 jellies
  6 hounds
  2 sleepcaps (D:4)
  5 iguanas
  11 orc wizards
  4 gnolls (D:4)
  4 adders
  2 shadow imps
  A white imp (D:6)
  2 ufetubi (D:5)
  6 dart slugs
  3 ribbon worms
  17 orcs
  3 endoplasms
  9 giant cockroaches
  7 goblins
  11 hobgoblins
  13 kobolds
  4 quokkas
  9 ball pythons
  7 bats
  5 frilled lizards
  5 rats
176 creatures vanquished.

Notes
Turn   | Place    | Note
-------+----------+-------------------------------------------
     0 | D:1      | qw the Spriggan Hunter began the quest for the Orb.
     0 | D:1      | Reached XP level 1. HP: 10/10 MP: 2/2
     0 | D:1      | 0 ||| qw: Version: 0.3-a-160-g6735b56
     0 | D:1      | 0 ||| qw: Game counter: 4522
     0 | D:1      | 0 ||| qw: Melee chars always use a shield: true
     0 | D:1      | 0 ||| qw: God list: Okawaru
     0 | D:1      | 0 ||| qw: Allow faded altars: false
     0 | D:1      | 0 ||| qw: Do Orc after clearing Dungeon:15 true
     0 | D:1      | 0 ||| qw: Do second Lair branch before Depths: true
     0 | D:1      | 0 ||| qw: Lair rune preference: random
     0 | D:1      | 0 ||| qw: Goals: Normal
     0 | D:1      | 0 ||| PLANNING D:1-11
    42 | D:1      | Reached skill level 3 in Dodging
   154 | D:1      | Reached XP level 2. HP: 14/14 MP: 3/3
   647 | D:1      | Reached XP level 3. HP: 18/18 MP: 4/4
   797 | D:1      | 797 ||| READING scroll labelled SAUCZO ZECWELAUH.
   798 | D:1      | 798 ||| READING scroll labelled EHICSO UVAV.
   798 | D:1      | 798 ||| IDENTIFYING fizzy orange potion
   799 | D:1      | 799 ||| READING scroll labelled NAXZAU CUIS.
   800 | D:1      | 800 ||| READING scroll labelled FYSUOF MATOFE.
   800 | D:1      | 800 ||| BRANDING +0 shortbow.
   801 | D:1      | 801 ||| DRINKING 2 dark potions.
   802 | D:1      | 802 ||| DRINKING 2 fizzy black potions.
   802 | D:1      | Gained mutation: Your spells are a little harder to cast,
                  | but a little more powerful. [potion of mutation]
   802 | D:1      | Gained mutation: You sometimes lose your temper in combat.
                  | [potion of mutation]
   803 | D:1      | 803 ||| DRINKING potion of mutation.
   803 | D:1      | Lost mutation: Your spells are a little harder to cast, but
                  | a little more powerful. [potion of mutation]
   803 | D:1      | Lost mutation: You sometimes lose your temper in combat.
                  | [potion of mutation]
   803 | D:1      | Gained mutation: Your mind is acute. (Int +4, Str/Dex -1)
                  | [potion of mutation]
   803 | D:1      | Gained mutation: You are weak. (Str -2) [potion of
                  | mutation]
   803 | D:1      | Lost mutation: Your mind is acute. (Int +4, Str/Dex -1)
                  | [potion of mutation]
   804 | D:1      | 804 ||| DROPPING scroll of butterflies.
   805 | D:1      | 805 ||| DROPPING potion of lignification.
  1321 | D:2      | 1321 ||| READING scroll of identify.
  1321 | D:2      | 1321 ||| IDENTIFYING fizzy dark potion
  1322 | D:2      | 1322 ||| DROPPING potion of invisibility.
  1435 | D:3      | Found a faded altar of an unknown god.
  1747 | D:3      | Found Dustrets's Magic Scroll Emporium.
  1753 | D:3      | 1753 ||| BUYING scroll of identify (20 gold).
  1753 | D:3      | Bought a scroll of identify for 20 gold pieces
  1753 | D:3      | 1753 ||| BUYING scroll of identify (20 gold).
  1753 | D:3      | Bought a scroll of identify for 20 gold pieces
  1753 | D:3      | 1753 ||| BUYING scroll of teleportation (30 gold).
  1753 | D:3      | Bought a scroll of teleportation for 30 gold pieces
  1753 | D:3      | 1753 ||| BUYING scroll of teleportation (30 gold).
  1753 | D:3      | Bought a scroll of teleportation for 30 gold pieces
  1813 | D:3      | Reached XP level 4. HP: 14/22 MP: 5/5
  1821 | D:3      | 1821 ||| FLEEEEING.
  1823 | D:3      | 1823 ||| STAIRDANCE
  1844 | D:2      | 1844 ||| READING 3 scrolls of identify.
  1844 | D:2      | 1844 ||| IDENTIFYING emerald potion
  1845 | D:2      | 1845 ||| READING 2 scrolls of identify.
  1845 | D:2      | 1845 ||| IDENTIFYING inky potion
  1846 | D:2      | 1846 ||| READING scroll of identify.
  1846 | D:2      | 1846 ||| IDENTIFYING bubbling silvery potion
  1847 | D:2      | 1847 ||| READING scroll labelled SIAHORIDEL.
  1847 | D:2      | Identified a scroll of acquirement
  1847 | D:2      | 1847 ||| ACQUIRING +0 hand cannon of draining
  1847 | D:2      | Acquired a +0 hand cannon of draining
  1849 | D:2      | 1849 ||| SWAPPING to +0 hand cannon of draining.
  1850 | D:2      | 1850 ||| DROPPING +0 heavy shortbow.
  1851 | D:2      | 1851 ||| DROPPING potion of attraction.
  2172 | D:3      | 2172 ||| DROPPING scarf of harm.
  2173 | D:3      | 2173 ||| READING scroll labelled VENKUAQIRGH.
  2311 | D:4      | Reached XP level 5. HP: 24/26 MP: 6/6
  2311 | D:4      | 2311 ||| RETREEEEATING.
  2409 | D:4      | Reached skill level 6 in Ranged Weapons
  2410 | D:4      | Noticed a wyvern
  2413 | D:4      | Killed a wyvern
  2414 | D:4      | Reached skill level 6 in Dodging
  2414 | D:4      | Reached XP level 6. HP: 13/30 MP: 7/7
  2519 | D:4      | Found a staircase to the Ecumenical Temple.
  2520 | D:4      | 2520 ||| PLANNING TEMPLE
  2520 | D:4      | 2520 ||| READING scroll labelled KASMOUDERGH.
  2521 | D:4      | 2521 ||| READING scroll labelled FORHUEPORGH.
  2628 | Temple   | Entered the Ecumenical Temple
  2629 | Temple   | 2629 ||| PLANNING D:1-11
  2712 | D:4      | Found a broken altar of Ashenzari.
  2965 | D:4      | Reached XP level 7. HP: 35/35 MP: 8/8
  3353 | D:4      | 3353 ||| UPGRADING to amulet of reflection.
  3405 | D:5      | Entered Level 5 of the Dungeon
  3413 | D:5      | HP: 6/35 [orc priest/divine providence (13)]
  3414 | D:5      | 3414 ||| READING 3 scrolls of teleportation.
  3415 | D:5      | 3415 ||| DRINKING potion of heal wounds.
  3418 | D:5      | 3418 ||| READING 2 scrolls of teleportation.
  3418 | D:5      | HP: 1/35 [orc wizard/magic dart (7)]
  3510 | D:5      | 3510 ||| FLEEEEING.
  3667 | D:5      | Found a runed translucent door.
  3668 | D:5      | Noticed qw's ghost (novice DjHu)
  3894 | D:5      | Reached skill level 3 in Fighting
  3894 | D:5      | Reached XP level 8. HP: 40/40 MP: 9/9
  4079 | D:5      | 4079 ||| READING scroll of identify.
  4079 | D:5      | 4079 ||| IDENTIFYING coppery potion
  4080 | D:5      | 4080 ||| READING scroll labelled VAQAKH IMEB JOSO.
  4080 | D:5      | 4080 ||| ENCHANTING +0 robe.
  4081 | D:5      | 4081 ||| READING scroll labelled BEBITO NEARAOPP.
  4296 | D:6      | Found a burning altar of Makhleb.
  4325 | D:6      | Found a sacrificial altar of Ru.
  4458 | D:6      | 4458 ||| RETREEEEATING.
  4461 | D:6      | 4461 ||| RETREEEEATING.
  4462 | D:6      | 4462 ||| RETREEEEATING.
  4477 | D:6      | Reached skill level 9 in Ranged Weapons
  4621 | D:6      | 4621 ||| FLEEEEING.
  4622 | D:6      | 4622 ||| FLEEEEING.
  4624 | D:6      | 4624 ||| FLEEEEING.
  4634 | D:6      | Reached skill level 9 in Dodging
  4713 | D:6      | Found a blossoming altar of Fedhas.
  4726 | D:6      | Found a white marble altar of Elyvilon.
  4819 | D:6      | Found a snail-covered altar of Cheibriados.
  4858 | D:6      | Found a shadowy altar of Dithmenos.
  4963 | D:6      | Found a shimmering altar of Xom.
  4964 | D:6      | 4964 ||| READING scroll of identify.
  4964 | D:6      | 4964 ||| IDENTIFYING scroll labelled OVUCYA MENTE
  4965 | D:6      | 4965 ||| DROPPING scroll of revelation.
  5182 | D:7      | 5182 ||| RETREEEEATING.
  5183 | D:7      | 5183 ||| RETREEEEATING.
  5185 | D:7      | Reached XP level 9. HP: 44/44 MP: 10/10
  5186 | D:7      | 5186 ||| RETREEEEATING.
  5188 | D:7      | 5188 ||| RETREEEEATING.
  5189 | D:7      | 5189 ||| RETREEEEATING.
  5190 | D:7      | 5190 ||| RETREEEEATING.
  5191 | D:7      | 5191 ||| RETREEEEATING.
  5192 | D:7      | 5192 ||| RETREEEEATING.
  5193 | D:7      | 5193 ||| RETREEEEATING.
  5599 | D:7      | 5599 ||| READING scroll labelled NAIMIRROKOA.
  5636 | D:8      | Noticed Maggie
  5637 | D:8      | 5637 ||| DRINKING 3 potions of haste.
  5645 | D:8      | Killed Maggie
  5684 | D:8      | Noticed Pikel
  5685 | D:8      | 5685 ||| RETREEEEATING.
  5687 | D:8      | 5687 ||| RETREEEEATING.
  5689 | D:8      | 5689 ||| RETREEEEATING.
  5690 | D:8      | 5690 ||| RETREEEEATING.
  5691 | D:8      | 5691 ||| RETREEEEATING.
  5701 | D:8      | Killed Pikel
  5757 | D:8      | Found an iron altar of Okawaru.
  5758 | D:8      | 5758 ||| PLANNING OKAWARU WORSHIP
  5759 | D:8      | 5759 ||| UPGRADING to +0 swamp dragon scales.
  5769 | D:8      | 5769 ||| DROPPING +1 robe.
  5778 | D:8      | Became a worshipper of Warmaster Okawaru
  5779 | D:8      | 5779 ||| PLANNING D:1-11
  5798 | D:8      | Identified the +4 hand axe of Undoing {drain, rN+ Stlth+}
  5802 | D:8      | Reached skill level 1 in Armour
  5804 | D:8      | Noticed Grum
  5808 | D:8      | Reached XP level 10. HP: 37/49 MP: 11/11
  5810 | D:8      | 5810 ||| DRINKING 2 potions of haste.
  5811 | D:8      | HP: 2/49 [Grum/+0 spear (18)]
  5812 | D:8      | 5812 ||| READING 2 scrolls of teleportation.
  5813 | D:8      | 5813 ||| DRINKING potion of heal wounds.
  5815 | D:8      | Slain by Grum

Levels and vault maps discovered:
D:1:      psy_arrival_dodecagon, layout_basic
D:2:      layout_basic
D:3:      layout_loops_corners, serial_shops, shop,
          dreamdust_ecumenical_altar_statues, chequers_serial_rivers_large_a
D:4:      layout_loops_corners, evilmike_ruin_ashenzari,
          minmay_temple_entry_trees, minmay_divided_ellipse
D:5:      layout_rooms, hellmonk_ghost_happy_afterlife, kennysheep_pointless_box
D:6:      nicolae_whirlpool, layout_basic, kennysheep_mini,
          mainiacjoe_overflow_big_doors, mainiacjoe_overflow_two_lobes,
          mainiacjoe_overflow_large_starburst,
          serial_library_hellmonk_angled_corner
D:7:      layout_cave_pools, sigmund_army
D:8:      layout_basic, kiku_gazebo_garden_becter, kennysheep_okawaru_gauntlet,
          lemuel_flamethrower_1, uniq_pikel, uniq_maggie, uniq_grum
Temple:   grunt_temple_mini_profane

Skill      XL: |  1  2  3  4  5  6  7  8  9 |
---------------+----------------------------+-----
Dodging        | 3 4 5 6 7 9 11 | 11.7
Ranged Weapons | 5 6 8 10 11 | 11.1
Fighting       | 2 3 4 |  4.0
Armour         | 1 |  1.1
Stealth        | |  1.5

Action                     |  1- 3 |  4- 6 |  7- 9 | 10-12 || total
---------------------------+-------+-------+-------+-------++-------
   Fire: Shortbow          |   125 |     5 |       |       ||   130
         Hand cannon       |       |    62 |   214 |     5 ||   281
    Use: Scroll            |     5 |     7 |     7 |     1 ||    20
         Potion            |     3 |       |     2 |     2 ||     7
 Armour: Robe              |     9 |     9 |    49 |       ||    67
         Swamp dragon scal |       |       |     4 |     5 ||     9
  Dodge: Dodged            |    33 |    61 |   175 |     8 ||   277
  Block: Other             |       |       |    40 |     1 ||    41
         Reflection        |       |       |     3 |       ||     3

Table legend:
 A = Non-vault XP
 B = Vault XP
 C = Vault XP percentage of total XP
 D = Non-vault monster count
 E = Vault monster count
 F = Vault count percentage of total count
                 A         B        C        D         E       F
            +---------+---------+-------+---------+---------+-------
      Total |    3688 |    1959 |  34.7 |     147 |      28 |  16.0
            +---------+---------+-------+---------+---------+-------
        D:1 |      43 |       0 |   0.0 |      28 |       0 |   0.0
        D:2 |      26 |       0 |   0.0 |      13 |       0 |   0.0
        D:3 |      85 |       0 |   0.0 |      19 |       0 |   0.0
        D:4 |     313 |     411 |  56.8 |      18 |      13 |  41.9
        D:5 |     693 |       0 |   0.0 |      24 |       0 |   0.0
        D:6 |     606 |     257 |  29.8 |      18 |       3 |  14.3
        D:7 |    1336 |      12 |   0.9 |      20 |       6 |  23.1
        D:8 |     586 |    1279 |  68.6 |       7 |       6 |  46.2
            +---------+---------+-------+---------+---------+-------
